 Dungeon Crawl Stone Soup version 0.23.2-1-ga50397a6bc (webtiles) character file.

Game seed: 3880083412931255976

2027 Kobolds4U the Thaumaturge (level 9, -2/45 HPs)
             Began as a Deep Elf Conjurer on Apr 23, 2019.
             Was an Initiate of Ashenzari.
             Slain by a wyvern skeleton (13 damage)
             ... on level 7 of the Dungeon.
             The game lasted 00:18:38 (7640 turns).

Kobolds4U the Thaumaturge (Deep Elf Conjurer)       Turns: 7640, Time: 00:18:39

Health: -2/45      AC:  6    Str:  6    XL:     9   Next: 3%
Magic:  20/24      EV: 13    Int: 23    God:    Ashenzari [......]
Gold:   257        SH:  0    Dex: 19    Spells: 10/27 levels left

rFire    . . .     SeeInvis .   v - +0 short sword (drain)
rCold    . . .     Gourm    .   (no shield)
rNeg     . . .     Faith    .   a - +0 robe
rPois    .         Spirit   .   D - +0 helmet of the Eternal Fruit {Regen+ rCorr Dex+4} (curse)
rElec    .         Reflect  .   k - +0 cloak (curse)
rCorr    +         Harm     .   f - +0 pair of gloves (curse)
MR       .....                  i - +0 pair of boots (curse)
Stlth    ++++......             r - amulet of the acrobat (curse)
HPRegen  0.55/turn              (no ring)
MPRegen  0.19/turn              (no ring)

@: no status effects
A: no striking features
a: Curse Item, Renounce Religion


You were on level 7 of the Dungeon.
You worshipped Ashenzari.
Ashenzari was noncommittal.
You were not hungry.

You visited 2 branches of the dungeon, and saw 8 of its levels.

You collected 257 gold pieces.

Inventory:

Hand Weapons
 h - a +0 dagger
 o - a +2 hunting sling of flaming
 v - a +0 short sword of draining (weapon)
Missiles
 B - 33 sling bullets
Armour
 a - a +0 robe (worn)
 f - a cursed +0 pair of gloves (worn)
 i - a cursed +0 pair of boots (worn)
 k - a cursed +0 cloak (worn)
 D - the cursed +0 helmet of the Eternal Fruit (worn) {Regen+ rCorr Dex+4}
   (You found it on level 6 of the Dungeon)

   It affects your dexterity (+4).
   It increases your rate of regeneration.
   It provides partial protection from all sources of acid and corrosion.
   It has a curse placed upon it.
Jewellery
 r - a cursed amulet of the acrobat (around neck)
 C - an uncursed amulet of guardian spirit
Wands
 A - a wand of flame (19)
 E - a wand of disintegration (12)
Scrolls
 e - a scroll of noise {unknown}
 g - a scroll of remove curse
 j - 6 scrolls of identify {unknown}
 m - a scroll of enchant weapon {unknown}
 n - 6 scrolls of teleportation {unknown}
 p - 2 scrolls of fear {unknown}
 q - 3 scrolls of amnesia {unknown}
 u - a scroll of magic mapping {unknown}
 y - 2 scrolls of blinking {unknown}
Potions
 b - 2 potions of mutation {unknown}
 d - a potion of cancellation {unknown}
 l - a potion of lignification {unknown}
 s - a potion of flight {unknown}
 t - a potion of degeneration {unknown}
 w - 2 potions of curing {unknown}
 x - 2 potions of invisibility {unknown}
 z - 2 potions of agility {unknown}
Comestibles
 c - 7 rations
 F - 2 chunks of flesh


   Skills:
 - Level 2.4 Dodging
 - Level 9.0 Stealth
 + Level 9.8 Spellcasting
 - Level 7.0 Conjurations
 - Level 3.0 Hexes
 - Level 3.3 Translocations
 * Level 0.6 Transmutations
 * Level 0.6 Earth Magic


You had 10 spell levels left.
You knew the following spells:

 Your Spells              Type           Power        Failure   Level  Hunger
a - Magic Dart            Conj           ####         1%          1    None
b - Searing Ray           Conj           #####.       1%          2    None
c - Dazzling Spray        Conj/Hex       ####..       2%          3    None
d - Force Lance           Conj/Tloc      #####...     7%          4    ##.....
e - Confuse               Hex            ####....     4%          3    None
f - Petrify               Tmut/Erth      ##......     41%         4    ##.....

Your spell library contained the following spells:

 Spells                   Type           Power        Failure   Level  Hunger
 Apportation              Tloc           ####..       1%          1    None
 Confusing Touch          Hex            ####..       1%          1    None
 Iskenderun's Mystic Bla  Conj           #####...     3%          4    ##.....
 Gell's Gravitas          Tloc           ####......   4%          3    None
 Animate Skeleton         Necr           N/A          6%          1    None
 Summon Small Mammal      Summ           ##..         6%          1    None
 Fulminant Prism          Conj/Hex       ####......   8%          4    ##.....
 Yara's Violent Unravell  Hex/Tmut       ###.......   58%         5    ####...
 Metabolic Englaciation   Hex/Ice        ###.......   65%         5    ####...


Dungeon Overview and Level Annotations

Branches:
Dungeon (7/15)             Temple (1/1) D:5

Altars:
Ashenzari
Cheibriados
Dithmenos
Elyvilon
Fedhas
Gozag
Hepliaklqana
Makhleb
Nemelex Xobeh
Okawaru
Qazlal
Ru
Sif Muna
Trog
Uskayaw
Vehumet
Wu Jian
Xom
Zin
The Shining One


Message History

Casting: Magic Dart (safe; 1% risk of failure)
Confirm with . or Enter, or press ? or * to list all spells.
Aiming: Magic Dart (safe; 1% risk of failure)
Press: ? - help, Shift-Dir - straight line, f/p - wyvern skeleton
Aim: a wyvern skeleton (moderately damaged)
The magic dart hits the wyvern skeleton!
The wyvern skeleton is heavily damaged.
The wyvern skeleton bites you! x2
Casting: Magic Dart (safe; 1% risk of failure)
Confirm with . or Enter, or press ? or * to list all spells.
Aiming: Magic Dart (safe; 1% risk of failure)
Press: ? - help, Shift-Dir - straight line, f/p - wyvern skeleton
Aim: a wyvern skeleton (heavily damaged)
The magic dart hits the wyvern skeleton.
The wyvern skeleton is severely damaged.
The bullfrog swells and bulges.
The bullfrog hits you! The wyvern skeleton bites you.
* * * LOW HITPOINT WARNING * * *
The bullfrog barely misses you. The wyvern skeleton bites you!
You die...

.........###.....# ...
.......[.##......#...
.....#....#..(...#.#
..........[........#
.................#.##. . #
............((...#.... ...#
##......>...((........ . ....
#...........Z...#.#.. #.##.#
#...#......F@...###.####...##
(....##.........## ....#
#.... ....# #%.....)...#
...###.### .. ##......(.##
#.. #..##. #........(#
###.###..##.
#.........###.#..#..####
......###.....)..[......
...... #...............
.........>..............


You could see a bullfrog and a wyvern skeleton.

Vanquished Creatures
  Grinder (D:6)
  A hippogriff (D:6)
  Menkaure (D:4)
  Duvessa (D:4)
  An ice beast (D:6)
  2 sky beasts
  An ogre (D:6)
  A centaur (D:5)
  A big kobold (D:7)
  Dowan (D:4)
  A scorpion (D:4)
  2 howler monkeys (D:7)
  A crimson imp (D:6)
  A bullfrog zombie (D:6)
  6 hounds
  3 jellies
  An orc priest (D:7)
  Crazy Yiuf (D:2)
  Jessica (D:2)
  2 iguanas (D:7)
  4 worker ants
  3 gnolls (D:5)
  3 adders
  An ooze (D:3)
  2 adder zombies
  4 worms (D:3)
  A dart slug (D:3)
  4 leopard geckos
  9 orcs
  7 giant cockroaches
  6 goblins
  15 hobgoblins
  A jackal (D:3)
  A quokka (D:6)
  A ball python zombie (D:5)
  8 bats
  6 frilled lizards
  14 kobolds
  5 rats
125 creatures vanquished.

Notes
Turn   | Place    | Note
-------+----------+-------------------------------------------
     0 | D:1      | Kobolds4U the Deep Elf Conjurer began the quest for the
                  | Orb.
     0 | D:1      | Reached XP level 1. HP: 10/10 MP: 6/6
   359 | D:1      | Reached XP level 2. HP: 13/15 MP: 1/8
   598 | D:1      | Reached skill level 5 in Conjurations
   640 | D:1      | Learned a level 2 spell: Searing Ray
  1193 | D:2      | Found a runed translucent door.
  1194 | D:2      | Noticed Crazy Yiuf
  1318 | D:2      | Noticed Jessica
  1361 | D:2      | Killed Jessica
  1361 | D:2      | Reached XP level 3. HP: 19/19 MP: 5/10
  2108 | D:2      | Killed Crazy Yiuf
  2108 | D:2      | Reached XP level 4. HP: 15/24 MP: 3/12
  2389 | D:3      | Found a faded altar of an unknown god.
  2621 | D:3      | Reached XP level 5. HP: 28/28 MP: 10/13
  3407 | D:4      | Reached skill level 5 in Spellcasting
  3543 | D:4      | Reached XP level 6. HP: 32/32 MP: 11/15
  3632 | D:4      | Noticed Duvessa
  3696 | D:4      | Killed Duvessa
  3719 | D:4      | Noticed Dowan
  3998 | D:4      | Noticed Menkaure
  4273 | D:4      | Learned a level 3 spell: Dazzling Spray
  4278 | D:4      | Learned a level 4 spell: Force Lance
  4419 | D:4      | Killed Menkaure
  4419 | D:4      | Reached skill level 5 in Stealth
  4419 | D:4      | Reached XP level 7. HP: 36/36 MP: 6/19
  4597 | D:4      | Killed Dowan
  4677 | D:5      | Entered Level 5 of the Dungeon
  4678 | D:5      | Found a radiant altar of Vehumet.
  5718 | D:5      | Found a staircase to the Ecumenical Temple.
  5727 | Temple   | Entered the Ecumenical Temple
  5866 | Temple   | Became a worshipper of Ashenzari the Shackled
  5961 | D:6      | Noticed Grinder
  5972 | D:6      | Killed Grinder
  5972 | D:6      | Reached XP level 8. HP: 41/41 MP: 3/22
  6106 | D:6      | Got the cursed helmet of the Eternal Fruit {Regen+ rCorr
                  | Dex+4}
  6112 | D:6      | Identified the cursed +0 helmet of the Eternal Fruit
                  | {Regen+ rCorr Dex+4} (You found it on level 6 of the
                  | Dungeon)
  6187 | D:6      | Found a blossoming altar of Fedhas.
  6331 | D:6      | Reached skill level 1 in Translocations
  6713 | D:6      | Reached skill level 1 in Hexes
  6943 | D:6      | Found an ornate altar of the Wu Jian Council.
  6943 | D:6      | Found a white marble altar of Elyvilon.
  6948 | D:6      | Found a faded altar of an unknown god.
  6950 | D:6      | Found a snail-covered altar of Cheibriados.
  6951 | D:6      | Found a faded altar of an unknown god.
  7115 | D:7      | Learned a level 3 spell: Confuse
  7120 | D:7      | Learned a level 4 spell: Petrify
  7131 | D:7      | Noticed a hippogriff
  7258 | D:6      | Killed a hippogriff
  7511 | D:7      | Reached XP level 9. HP: 45/45 MP: 17/24
  7640 | D:7      | Slain by a wyvern skeleton

Skill      XL: |  1  2  3  4  5  6  7  8 |
---------------+-------------------------+-----
Conjurations   | 5 6 7 |  7.0
Spellcasting   | 4 5 6 8 9 |  9.8
Stealth        | 3 5 7 9 |  9.0
Translocations | 3 |  3.3
Hexes          | 3 |  3.0
Dodging        | |  2.4
Transmutations | |  0.6
Earth Magic    | |  0.6

Action                   |  1- 3 |  4- 6 |  7- 9 || total
-------------------------+-------+-------+-------++-------
Melee: Dagger            |     6 |    25 |       ||    31
       Short sword       |       |    34 |    41 ||    75
 Cast: Magic Dart        |    47 |    83 |    99 ||   229
       Searing Ray       |     3 |     9 |    15 ||    27
       Dazzling Spray    |       |     2 |    20 ||    22
Invok: Curse Item        |       |       |     4 ||     4
 Stab: Sleeping          |     2 |     2 |     3 ||     7
       Invisible         |       |       |     1 ||     1
  Eat: Chunk             |     3 |     8 |     6 ||    17
       Ration            |       |       |     1 ||     1
Armor: Robe              |     5 |    14 |    26 ||    45
Dodge: Dodged            |    14 |    65 |    90 ||   169
